Unix NetHack Version 5.0.0-0 post-release - last build May  4 2026 22:22:43 (774f63e81ad911689b3a0859ea89b322d5daca8d,branch:main).

Game began 2026-05-06 02:59:28, ended 2026-05-06 04:31:23.

Gary, lawful male human Samurai

                                 ----
                                 |..----------
                                 |.%...%.....|
                                 |^-----.u@..|
                                --.|   |.S...|
                                |..----|.....|
                                |.00^.<|.....|
                                |---------.---
                                |..--->---..|
                                |...%.......|
                                |....----...|
                                |....|  |*..|
                                ------  -----

Gary the Ninja         St:17 Dx:15 Co:18 In:9 Wi:10 Ch:7  Lawful S:3881
Dlvl:5  $:395 HP:0(66) Pw:23(23) AC:1  Xp:7/804 T:3890  Satiated Burdened

Latest messages:
 Thump!
 The boulder suddenly rolls away from you!
 You hear a loud crash!
 Thump!
 You escape a rolling boulder trap.
 With great effort you move the boulder.
 You try to move the next boulder, but in vain.
 You try to move the boulder, but in vain.
 You try to move the boulder, but in vain.
 You are carrying too much to get through.
 Click!  You trigger a rolling boulder trap!
 No boulder was released.
 You see here a giant ant corpse.
 Click!  The crocodile triggers a rolling boulder trap.
 You miss the crocodile.
 The crocodile bites!
 The crocodile hits!
 You miss the crocodile.
 The crocodile just misses!
 The crocodile hits!
 You hit the crocodile!
 The crocodile bites!
 The crocodile hits!
 The crocodile bites!
 The crocodile hits!
 You hit the crocodile!
 The crocodile misses!
 The crocodile hits!
 You hit the crocodile!
 The crocodile bites!
 The crocodile misses!
 You kill the crocodile!
 There is a rolling boulder trap here.
 Click!  You trigger a rolling boulder trap!
 No boulder was released.
 You have a little trouble lifting J - a scroll labeled KIRJE.
 You see here a gnome king corpse.
 The dwarf zombie hits!
 You hit the dwarf zombie!
 You destroy the dwarf zombie!
 There are many objects here.
 Pick a monster, object or location.
 The snake misses!
 The horse misses the snake.
 The horse misses the snake.
 You hit the snake.
 The snake bites!
 The snake's bite was poisoned!
 You hear the howling of the CwnAnnwn...
 You die...

Inventory:
 Coins    ('$')
  $ - 395 gold pieces
 Weapons  (')')
  L - 47 +0 arrows
  d - 36 +0 ya (in quiver)
  c - a +0 yumi (alternate weapon; not wielded)
  a - a +0 katana (weapon in right hand)
  B - a +0 wakizashi
 Armor    ('[')
  Y - an uncursed +0 orcish helm (being worn)
  u - an uncursed +0 pair of iron shoes (being worn)
  D - an uncursed +0 pair of water walking boots
  v - an uncursed +0 dwarvish cloak (being worn)
  e - an uncursed rustproof +0 splint mail (being worn)
 Comestibles  ('%')
  o - an uncursed cram ration
  s - 3 uncursed gunyoki
  m - an uncursed tripe ration
  l - an uncursed lizard corpse
 Scrolls  ('?')
  H - a blessed scroll of blank paper
  x - a cursed scroll of charging
  r - a cursed scroll of confuse monster
  U - an uncursed scroll of destroy armor
  F - an uncursed scroll of earth
  I - a cursed scroll of earth
  K - an uncursed scroll of enchant armor
  T - a cursed scroll of enchant armor
  J - a cursed scroll of magic mapping
  f - 2 uncursed scrolls of scare monster
 Potions  ('!')
  M - an uncursed potion of confusion
  S - a blessed potion of fruit juice
  C - a blessed potion of gain ability
  A - an uncursed potion of gain energy
  t - an uncursed potion of healing
  z - a blessed potion of object detection
  X - a blessed potion of oil
  q - an uncursed potion of water
 Rings    ('=')
  p - an uncursed ring of polymorph control
 Wands    ('/')
  E - a wand of light (0:13)
  P - a wand of slow monster (0:7)
 Tools    ('(')
  n - a magic marker (0:53)
  w - an uncursed magic whistle
  G - an uncursed mirror
  Z - an uncursed oil lamp
  k - an uncursed osaku
  y - 4 blessed tallow candles
  N - an uncursed partly used tallow candle
  W - an uncursed tallow candle
  h - a cursed tin opener
  b - an uncursed towel
  V - an uncursed wax candle

Gary the Samurai's attributes:

Background:
 You were a Ninja, a level 7 male human Samurai.
 You were lawful, on a mission for Amaterasu Omikami
 who was opposed by Raijin (neutral) and Susanowo (chaotic).
 You were right-handed.
 You were in Sokoban, on level 5.
 You entered the dungeon 3890 turns ago.
 It was nighttime.
 You had 804 experience points, 476 more were needed to attain level 8.
 Your score was 3881 before end-of-game adjustments.

Basics:
 You had 0 out of 66 hit points.
 You had all 23 energy points (spell power).
 Your armor class was 1.
 Your wallet contained 395 zorkmids.
 Autopickup was on for '$' plus thrown.

Final Characteristics:
 Your strength was 17 (peak:18, limit:18/100).
 Your dexterity was 15 (limit:18).
 Your constitution was 18 (limit:18).
 Your intelligence was 9 (limit:18).
 Your wisdom was 10 (limit:18).
 Your charisma was 7 (limit:18).

Final Status:
 You were satiated.
 You were burdened; movement was slightly slowed.
 You were wielding a long sword.
 You were skilled in long sword.

Final Attributes:
 You were piously aligned.
 Your items were somewhat protected from fire.
 Your items were somewhat protected from cold.
 You were warded.
 You were fast.
 You are dead.

Miscellaneous:
 You didn't encounter any bones levels.
 Total elapsed playing time was 1 hour, 31 minutes and 55 seconds.

Major events:
 Turn
    1: Gary the lawful male human Samurai entered the dungeon
  387: entered the Gnomish Mines
  387: attained the rank of Ronin (level 3)
 1826: attained the rank of Ninja (level 6)
 1848: reached Mine Town
 3430: entered Sokoban
 3890: killed by a snake

You didn't know any spells.

Skills:
 Fighting Skills
   martial arts      [Basic]
   two weapon combat [Unskilled]
   riding            [Unskilled]
 Weapon Skills
   dagger            [Unskilled]
   knife             [Unskilled]
   short sword       [Basic]
   broadsword        [Unskilled]
   long sword        [Skilled]
   two-handed sword  [Unskilled]
   saber             [Unskilled]
   flail             [Unskilled]
   quarterstaff      [Unskilled]
   polearms          [Unskilled]
   spear             [Unskilled]
   lance             [Unskilled]
   bow               [Basic]
   shuriken          [Unskilled]
 Spellcasting Skills
   attack spells     [Unskilled]
   divination spells [Unskilled]
   clerical spells   [Unskilled]

Voluntary challenges:
 Character rerolling was not enabled.
 You never genocided any monsters.
 You never polymorphed an object.
 You never changed form.
 You used no wishes.
 You did not violate any of the special Sokoban rules.
Achievements:
 You entered the Gnomish Mines.
 You attained the rank of Ronin.
 You entered a shop.
 You attained the rank of Ninja.
 You entered Minetown.
 You entered a temple.
 You entered Sokoban.

 The Dungeons of Doom: levels 1 to 6
    Level 1:
       A fountain, a sink.
    Level 2:
       A fountain.
       Stairs down to The Gnomish Mines.
    Level 3:
       A tool shop.
    Level 4:
    Level 5:
       Many fountains.
       Oracle of Delphi.
    Level 6:
       Stairs up to Sokoban, level 5.
 The Gnomish Mines: levels 3 to 6
    Level 3:
    Level 4:
    Level 5:
       Many shops, a temple and an altar, some fountains, some trees.
    Level 6:
 Sokoban:
    Level 5: <- You were here.
       Unsolved.
       Final resting place for
          you, killed by a snake.


Vanquished creatures:
  a crocodile
  a gnome ruler
  a yeti
  a lizard
 an imp
  a water nymph
  a fog cloud
  a yellow light
  a violet fungus
  6 gnome leaders
  3 gray oozes
  a straw golem
  a paper golem
  a giant ant
  a little dog
  a kitten
  4 dwarves
  a homunculus
  2 rothes
  a rabid rat
  2 giant bats
  2 orc zombies
  a dwarf zombie
 10 killer bees
  4 coyotes
  2 hobbits
  a manes
  a hobgoblin
  2 yellow molds
 28 gnomes
  2 geckos
  8 jackals
  2 kobolds
  2 goblins
  2 sewer rats
  2 grid bugs
  2 lichens
  3 newts
107 creatures vanquished.

No species were genocided or became extinct.

Game over:
                       ----------
                      /          \
                     /    REST    \
                    /      IN      \
                   /     PEACE      \
                  /                  \
                  |       Gary       |
                  |      395 Au      |
                  |   killed by a    |
                  |      snake       |
                  |                  |
                  |                  |
                  |       2026       |
                 *|     *  *  *      | *
        _________)/\\_//(\/(/\)/\//\/|_)_______

Sayonara Gary the Samurai...

You died in Sokoban on dungeon level 5 with 3842 points,
and 395 pieces of gold, after 3890 moves.
You were level 7 with a maximum of 66 hit points when you died.

